 Dungeon Crawl Stone Soup version 0.26.1-15-g04117e645d (webtiles) character file.

Game seed: 15934044075152343646

36010 tkbsonic5 the Unseen (level 13, 0/60 (66) HPs)
             Began as a Felid Berserker on Dec 19, 2022.
             Was a Priest of Trog.
             Shot with an arrow by Nessos (17 damage)
             ... on level 2 of the Orcish Mines on Dec 20, 2022.
             The game lasted 01:44:41 (27780 turns).

tkbsonic5 the Unseen (Felid Berserker)             Turns: 27780, Time: 01:44:44

HP:   0/60 (66)     AC:  3    Str: 19    XL:     13   Next: 50%
MP:   12/12         EV: 31    Int:  9    God:    Trog [***...]
Gold: 1928          SH:  0    Dex: 16    Spells: 12/12 levels left
                                        Lives: 0   Deaths: 3

rFire    . . .     SeeInvis +     - Unarmed
rCold    + . .     Faith    .   (shield unavailable)
rNeg     . . .     Spirit   .   (armour unavailable)
rPois    .         Reflect  .   (helmet unavailable)
rElec    .         Harm     .   (cloak unavailable)
rCorr    .         Rampage  .   (gloves unavailable)
Will     +++..     Clarity  +   (boots unavailable)
Stlth    +++++++++.             d - amulet of regeneration
HPRegen  1.60/turn              r - ring of stealth
MPRegen  0.13/turn              g - ring of stealth

@: lethally poisoned (0 -> 0), berserk cooldown, regenerating, slowed, drained,
slow
A: very small, no armour, no weapons or thrown items, stealth, claws 1, fangs 3,
see invisible, clarity, speed 1, low mp 1, shaggy fur 3, strong 1, evolution 1,
MP-powered wands, sharp paws
a: Renounce Religion, Berserk, Trog's Hand


You were on level 2 of the Orcish Mines.
You worshipped Trog.
Trog was most pleased with you.
You visited 3 branches of the dungeon, and saw 23 of its levels.

You collected 1928 gold pieces.

Inventory:

Missiles
 l - 7 throwing nets
Jewellery
 a - an uncursed ring of protection from cold
 d - an amulet of regeneration (around neck)
 g - a ring of stealth (right paw)
 j - an uncursed ring of protection from cold
 m - an uncursed ring of ice
 r - a ring of stealth (left paw)
Wands
 o - a wand of digging (10)
Scrolls
 c - 2 scrolls of teleportation
 f - 6 scrolls of remove curse
 h - 3 scrolls of identify
Miscellaneous
 n - a condenser vane (inert) (quivered)
 w - a phial of floods (inert)


   Skills:
 * Level 13.2 Fighting
 * Level 15.6 Dodging
 * Level 16.2 Stealth
 * Level 13.1 Unarmed Combat
 + Level 10.0 Evocations


You had 12 spell levels left.
You didn't know any spells.
Your spell library was empty.

Dungeon Overview and Level Annotations

Branches:
Dungeon (15/15)            Temple (0/1) D:7            Lair (6/6) D:8
  Swamp (0/4) Lair:4       Spider (0/4) Lair:4          Orc (2/2) D:10
    Elf (0/3) Orc:2        Vaults (0/5) D:14         Depths (0/5) D:15
  Slime: Lair:5-6

Altars:
Ashenzari
Dithmenos
Elyvilon
Fedhas
Gozag
Hepliaklqana
Kikubaaqudgha
Nemelex Xobeh
Okawaru
Qazlal
Ru
Trog
Wu Jian
Xom
Jiyva

Shops:
D:10 :

Annotations:
D:5 2 transporters
D:11 2 transporters
D:13 3 runed translucent doors, Zoteilut's ghost, journeyman GrFi
D:14 1 runed translucent door, Roxanne
Lair:5 exclusion: oklob plant
Orc:2 Nessos


Innate Abilities, Weirdness & Mutations

You cannot wear armour.
You are incapable of wielding weapons or throwing items.
Your paws allow you to move quietly. (Stealth)
You have sharp claws.
You have razor-sharp teeth.
You have supernaturally acute eyesight. (SInv)
You cover ground quickly.
Your thick and shaggy fur keeps you warm. (AC +3, rC+)
Your sharp claws are effective at attacking unaware monsters.
You possess an exceptional clarity of mind.
Your magical capacity is low. (-10% MP)
Your muscles are strong. (Str +2)
You evolve.
You expend magic power (3 MP) to strengthen your wands.


Message History

You are poisoned.
You see here an arrow.
You feel your anger nearly subside.
You are no longer berserk.
You are exhausted.
You feel yourself slow down.
You feel sick.
Nessos shoots an arrow.
The arrow closely misses you.
You hear a sizzling splash.
You aren't carrying any potions.
Your skin crawls.
You feel strong-willed.
You feel sick.
Nessos blinks! x2
The orc sorcerer mumbles some strange words.
Nessos shoots an arrow.
The arrow completely misses you.
You feel sick.
Nessos shoots an arrow.
The arrow hits you!
* * * LOW HITPOINT WARNING * * *
The arrow burns you.
You are more poisoned.
* * * LOW HITPOINT WARNING * * *
Nessos shoots an arrow.
The arrow hits you!
You die...

.............##.≈≈≈#,,,,,,,,,,,,,
............#..§§≈##,,≈≈≈,,,≈≈≈,,
................≈§#8,*****,,≈****
................≈≈##,,≈≈≈,,,§****
................§§≈#,,,,,,,§§*≈≈≈
........##..##)≈##≈###,,,,.§≈*,,,
........##..##)≈##§≈≈####..§≈*8,,
.............§.§≈§≈≈≈≈§≈...§≈*,,,
......,.........@)..§§§.....≈*,,,
..........c......((.).)..8..≈*∩,,
................§§..§.§o....≈*,,,
......,........§§§§≈≈≈§≈§...≈*,,,
......,.##..##.§##§§≈####...≈*8,,
......,,*#..*#.≈##§###,,,,..≈*,,,
.....,,,.......#§≈≈#,,,,,,,.≈*≈≈≈
,,,,,,,,........≈≈##,,≈≈≈,,,≈****
*,,,,,,,,,,....§≈≈*∩,*****,,≈****


You could see Nessos (fast) and an orc sorcerer.

Vanquished Creatures
  Saint Roka (Orc:2)
  An ettin (Orc:1)
  Josephine (Lair:5)
  A yaktaur captain (D:15)
  Fannar (D:12)
  6 hydras
  3 centaur warriors (D:15)
  An ogre mage (D:15)
  3 two-headed ogres
  A shock serpent (D:15)
  Urug (Lair:5)
  Nergalle (Lair:4)
  3 unseen horrors
  2 wizards
  2 lindwurms
  A harpy (Lair:3)
  An orc knight (D:15)
  An orb spider (Lair:4)
  3 orc sorcerers
  4 deep elf magi
  A salamander (Lair:5)
  A manticore (Lair:6)
  2 wolf spiders (Lair:6)
  7 ugly things
  3 cyclopes
  2 black mambas
  A naga mage (D:15)
  17 elephants
  13 cane toads
  Psyche (D:12)
  A torpor snail (Lair:6)
  2 rime drakes
  5 komodo dragons
  6 trolls
  2 tengu conjurers (D:13)
  Grinder (D:6)
  4 slime creatures
  A polar bear (Lair:4)
  7 blink frogs
  Sigmund (D:4)
  A vampire (D:14)
  A shadow (D:11)
  4 wyverns
  6 basilisks
  4 wraiths (Lair:5)
  30 yaks
  6 fire bats
  A golden eye (Lair:3)
  Grum (D:8)
  A fire elemental (Lair:3)
  2 steam dragons (D:11)
  A water elemental (D:14)
  2 vampire mosquitoes (D:14)
  Menkaure (D:6)
  4 wargs
  13 water moccasins
  14 orc warriors
  An ice beast (D:5)
  4 sky beasts
  A phantom (D:5)
  A tengu (D:15)
  9 wolves
  17 ogres
  10 centaurs
  16 bullfrogs
  A wyvern zombie (D:10)
  3 wyvern skeletons
  A water moccasin skeleton (D:6)
  4 scorpions
  15 killer bees
  5 wights
  3 electric eels
  A crimson imp (D:11)
  9 jellies
  A quasit (D:11)
  A bullfrog zombie (D:11)
  3 hounds
  12 orc priests
  18 orc wizards
  5 bullfrog skeletons
  Crazy Yiuf (D:4)
  8 centaur skeletons
  A gnoll shaman (D:5)
  6 iguanas
  Jessica (D:3)
  Ijyb (D:3)
  A hell rat (Lair:6)
  10 worker ants
  2 hound zombies
  3 worker ant zombies
  14 adders
  20 gnolls
  A howler monkey skeleton (D:9)
  A shadow imp (D:6)
  4 white imps
  2 ufetubi
  17 oozes
  3 adder skeletons
  2 adder zombies (D:5)
  2 worms
  A dart slug (D:1)
  8 leopard geckos
  45 orcs
  4 giant cockroaches
  5 goblins
  5 hobgoblins
  11 jackals
  4 kobolds
  4 quokkas
  12 bats
  4 frilled lizards
  A leopard gecko skeleton (D:6)
  2 quokka zombies
  5 rats
  A bush (D:14)
561 creatures vanquished.

Vanquished Creatures (collateral kills)
  A rime drake (Lair:6)
  4 yaks
  2 orc warriors
  An ice beast (D:9)
  A scorpion (D:10)
  3 wights (D:9)
  6 orcs (D:10)
18 creatures vanquished.

Vanquished Creatures (others)
  An ogre (Orc:2)
  5 bushes (D:14)
  29 fungi
  27 plants
62 creatures vanquished.

Grand Total: 641 creatures vanquished

Notes
Turn   | Place    | Note
-------+----------+-------------------------------------------
     0 | D:1      | tkbsonic5 the Felid Berserker began the quest for the Orb.
     0 | D:1      | Reached XP level 1. HP: 10/10 MP: 2/2
   568 | D:1      | Reached XP level 2. HP: 9/14 MP: 3/3
   875 | D:1      | Reached skill level 1 in Stealth
  1589 | D:1      | Reached XP level 3. HP: 16/17 MP: 4/4
  2026 | D:2      | Reached ** piety under Trog
  2625 | D:3      | Reached XP level 4. HP: 21/21 MP: 5/5
  2699 | D:3      | Noticed Ijyb
  2710 | D:3      | Killed Ijyb
  2926 | D:3      | Reached skill level 2 in Stealth
  3309 | D:3      | Noticed Jessica
  3313 | D:3      | Killed Jessica
  3314 | D:3      | Reached XP level 5. HP: 25/25 MP: 6/6
  3608 | D:3      | Found a white marble altar of Elyvilon.
  3611 | D:3      | Found an iron altar of Okawaru.
  3614 | D:3      | Found an ancient bone altar of Kikubaaqudgha.
  3666 | D:4      | Noticed an ogre
  3680 | D:4      | Killed an ogre
  3681 | D:4      | Reached skill level 5 in Dodging
  3681 | D:4      | Gained mutation: You are covered in thick fur. (AC +2)
                  | [Felid growth]
  3681 | D:4      | Reached XP level 6. HP: 29/29 MP: 7/7
  3744 | D:4      | Reached skill level 3 in Stealth
  4107 | D:4      | Noticed Sigmund
  4113 | D:4      | Killed Sigmund
  4114 | D:4      | Reached skill level 5 in Fighting
  4114 | D:4      | Reached skill level 5 in Unarmed Combat
  4114 | D:4      | Reached skill level 1 in Evocations
  4114 | D:4      | Reached XP level 7. HP: 33/33 MP: 8/8
  4562 | D:4      | Reached skill level 4 in Stealth
  4600 | D:4      | Found a runed translucent door.
  4601 | D:4      | Noticed Crazy Yiuf
  4609 | D:4      | Killed Crazy Yiuf
  5404 | D:4      | Reached XP level 8. HP: 19/38 MP: 9/9
  6022 | D:5      | Entered Level 5 of the Dungeon
  6175 | D:5      | Reached skill level 5 in Stealth
  6259 | D:5      | Found a transporter.
  6425 | D:5      | Found a sacrificial altar of Ru.
  6857 | D:5      | Found a shimmering altar of Xom.
  6963 | D:5      | Found a transporter.
  6981 | D:5      | Reached *** piety under Trog
  7171 | D:6      | Found a sparkling altar of Nemelex Xobeh.
  7230 | D:6      | Found a stormy altar of Qazlal.
  7230 | D:6      | Noticed Grinder
  7246 | D:6      | Killed Grinder
  7251 | D:6      | Reached skill level 5 in Evocations
  7251 | D:6      | Reached XP level 9. HP: 17/42 MP: 10/10
  7383 | D:6      | Found an ornate altar of the Wu Jian Council.
  7463 | D:6      | Reached skill level 6 in Stealth
  7469 | D:6      | Noticed Menkaure
  7475 | D:6      | Killed Menkaure
  8263 | D:7      | Found a hazy altar of Hepliaklqana.
  8290 | D:7      | Found a flagged portal.
  8409 | D:7      | Found a bloodstained altar of Trog.
  8427 | D:7      | Reached skill level 7 in Stealth
  8524 | D:7      | Reached **** piety under Trog
  9040 | D:7      | Found an opulent altar of Gozag.
  9110 | D:7      | Reached XP level 10. HP: 46/48 MP: 11/11
  9280 | D:7      | Found a staircase to the Ecumenical Temple.
  9538 | D:8      | Noticed Grum
  9543 | D:8      | Reached skill level 8 in Stealth
  9555 | D:8      | Killed Grum
  9698 | D:8      | Found a staircase to the Lair.
  9989 | D:8      | Found a blossoming altar of Fedhas.
 10436 | D:9      | Reached skill level 9 in Stealth
 10541 | D:9      | Found a sacrificial altar of Ru.
 10783 | D:9      | Found a shadowy altar of Dithmenos.
 11199 | D:10     | Entered Level 10 of the Dungeon
 11233 | D:10     | Noticed an unseen horror
 11240 | D:10     | Killed an unseen horror
 11241 | D:10     | Reached skill level 10 in Dodging
 11286 | D:10     | Reached ***** piety under Trog
 11393 | D:10     | Reached skill level 10 in Stealth
 11397 | D:10     | Found a staircase to the Orcish Mines.
 11618 | D:10     | Identified a scroll of acquirement
 11618 | D:10     | Acquired the amulet of Life {Faith rElec Will+ Slay+2}
 11648 | D:10     | Reached XP level 11. HP: 53/53 MP: 12/12
 11648 | D:10     | Found Fuptunn's Book Boutique.
 11864 | D:10     | Noticed a two-headed ogre
 11886 | D:10     | Killed a two-headed ogre
 12169 | Lair:1   | Entered Level 1 of the Lair of Beasts
 12605 | Lair:1   | Reached skill level 11 in Stealth
 13527 | Lair:2   | Reached skill level 10 in Fighting
 13543 | Lair:2   | Reached skill level 10 in Unarmed Combat
 14386 | Lair:3   | Gained mutation: Your thick and shaggy fur keeps you warm.
                  | (AC +3, rC+) [Felid growth]
 14386 | Lair:3   | Reached XP level 12. HP: 47/58 MP: 13/13
 14561 | Lair:3   | Reached skill level 12 in Stealth
 14953 | Lair:4   | Noticed a seven-headed hydra
 15264 | Lair:4   | Noticed a four-headed hydra
 15330 | Lair:4   | HP: 1/59 [seven-headed hydra (10)]
 15330 | Lair:4   | Demolished by a seven-headed hydra
 15331 | Lair:4   | Reached XP level 11. HP: -14/55 MP: 12/12
 15408 | Lair:4   | Killed a four-headed hydra
 15764 | Lair:4   | Gained mutation: You possess an exceptional clarity of
                  | mind. [potion of mutation]
 15764 | Lair:4   | Gained mutation: Your flesh is cold resistant. (rC+)
                  | [potion of mutation]
 15765 | Lair:4   | Lost mutation: Your flesh is cold resistant. (rC+) [potion
                  | of mutation]
 15765 | Lair:4   | Gained mutation: Your magical capacity is low. (-10% MP)
                  | [potion of mutation]
 15765 | Lair:4   | Gained mutation: You expend magic power (3 MP) to
                  | strengthen your wands. [potion of mutation]
 15765 | Lair:4   | Gained mutation: You evolve. [potion of mutation]
 15915 | Lair:4   | Noticed Nergalle
 15983 | Lair:4   | Killed Nergalle
 16005 | Lair:4   | Found a staircase to the Swamp.
 16006 | Lair:4   | Noticed a four-headed hydra
 16227 | Lair:4   | Noticed a four-headed hydra
 16238 | Lair:4   | Killed a four-headed hydra
 16590 | Lair:5   | Noticed Urug
 16601 | Lair:5   | Killed Urug
 16602 | Lair:5   | Reached skill level 13 in Stealth
 16645 | Lair:5   | Noticed Josephine
 16667 | Lair:5   | Killed Josephine
 16668 | Lair:5   | Reached XP level 12. HP: 60/60 MP: 11/11
 16979 | Lair:6   | Entered Level 6 of the Lair of Beasts
 17728 | Lair:6   | Noticed a catoblepas
 17753 | Lair:6   | Slain by a catoblepas
 17754 | Lair:6   | Reached XP level 11. HP: -5/55 MP: 10/10
 19012 | D:11     | Noticed a green ugly thing
 19025 | D:11     | Killed a green ugly thing
 19162 | D:11     | Found a transporter.
 19162 | D:11     | Found a transporter.
 19167 | D:11     | Found a viscous altar of Jiyva.
 19495 | D:12     | Noticed a deep elf mage
 19501 | D:12     | Killed a deep elf mage
 19633 | D:12     | Reached skill level 14 in Stealth
 19754 | D:12     | Noticed Psyche
 19762 | D:12     | Killed Psyche
 19955 | D:12     | Noticed a purple ugly thing
 19958 | D:12     | Killed a purple ugly thing
 19961 | D:12     | You fall into a shaft and drop 3 floors!
 19961 | D:15     | Entered Level 15 of the Dungeon
 19968 | D:15     | Noticed a four-headed hydra
 19970 | D:15     | Killed a four-headed hydra
 19971 | D:15     | Reached XP level 12. HP: 61/61 MP: 11/11
 20014 | D:15     | Noticed a centaur warrior
 20019 | D:15     | Killed a centaur warrior
 20093 | D:15     | Noticed a centaur warrior
 20095 | D:15     | Killed a centaur warrior
 20116 | D:14     | Found a blossoming altar of Fedhas.
 20227 | D:14     | Identified Roxanne's Guide on Changing
 20227 | D:14     | Noticed Roxanne
 20308 | D:14     | Found a broken altar of Ashenzari.
 20372 | D:14     | Noticed a two-headed ogre
 20670 | D:12     | Noticed Fannar
 20683 | D:12     | Killed Fannar
 21528 | D:13     | Found a runed translucent gate.
 21531 | D:13     | Found a runed translucent gate.
 21533 | D:13     | Found a runed translucent gate.
 21534 | D:13     | Noticed Zoteilut's ghost (journeyman GrFi)
 22078 | D:14     | Killed a two-headed ogre
 22260 | D:14     | Found a gate to the Vaults.
 22421 | D:14     | Noticed a boulder beetle
 22425 | D:14     | Noticed a tengu warrior
 22449 | D:14     | Noticed a death knight
 22465 | D:14     | Gained mutation: Your muscles are strong. (Str +2)
                  | [evolution]
 22505 | D:14     | Found a runed translucent door.
 22533 | D:14     | You fall into a shaft and drop 1 floor!
 22687 | D:15     | Reached skill level 15 in Stealth
 22691 | D:15     | Reached XP level 13. HP: 65/65 MP: 8/12
 23012 | D:15     | Found the +12 glaive of Prune {vorpal}
 23409 | D:15     | Found a staircase to the Depths.
 23620 | Orc:1    | Entered Level 1 of the Orcish Mines
 23629 | Orc:1    | Noticed an ettin
 24081 | Lair:4   | Slain by a komodo dragon
 24082 | Lair:4   | Reached XP level 12. HP: -2/61 MP: 11/11
 24175 | Lair:4   | Noticed a four-headed hydra
 24255 | Lair:4   | Killed a four-headed hydra
 24588 | Lair:4   | Killed a seven-headed hydra
 24589 | Lair:4   | Reached skill level 15 in Dodging
 24725 | Lair:4   | Noticed a four-headed hydra
 24730 | Lair:4   | Killed a four-headed hydra
 24786 | Lair:4   | Found a hole to the Spider Nest.
 25307 | Lair:5   | Reached XP level 13. HP: 65/65 MP: 12/12
 26470 | Orc:1    | Killed an ettin
 26786 | Orc:2    | Entered Level 2 of the Orcish Mines
 26790 | Orc:2    | Noticed Saint Roka
 26849 | Orc:1    | Reached skill level 16 in Stealth
 27339 | Orc:2    | Killed Saint Roka
 27340 | Orc:2    | Reached skill level 10 in Evocations
 27507 | Orc:2    | Found a staircase to the Elven Halls.
 27758 | Orc:2    | Noticed Nessos
 27780 | Orc:2    | Shot with an arrow by Nessos

Illustrated notes

Levels and vault maps discovered:
D:1:      dpeg_arrival_snail, layout_loops_corners,
          hangedman_abyss_or_decor_stabs, serial_bayou_ford_a, minivault_24,
          hangedman_decor_push, grunt_decor_junction
D:2:      layout_rooms, serial_glass, glass_columns_a, glass_columns_b
D:3:      layout_basic, grunt_temple_overflow_diamond, uniq_jessica, uniq_ijyb
D:4:      layout_loops_corners, minmay_door_square, serial_park_tiny_1,
          nrook_loot_triangle, uniq_crazy_yiuf_cottage, uniq_sigmund
D:5:      gammafunk_wand_slinger, layout_loops_ring, xom_butterflies,
          nicolae_overflow_crystal_walls
D:6:      layout_basic, nemelex_xobeh_ov_fountains_minmay,
          nicolae_qazlal_general_emergency, nzn_wu_jian_contemplation,
          uniq_grinder, uniq_menkaure
D:7:      lemuel_slime, layout_loops_ring, nicolae_overflow_hidden_temple,
          lightli_temple_of_fire, old_standard_altar, temple_hall,
          enter_bailey_2
D:8:      layout_basic, lemuel_crystal_altar, erik_lair_orcish_takeover,
          uniq_grum
D:9:      layout_irregular_city, lemuel_doored_altar,
          nicolae_ru_the_path_less_chosen
D:10:     layout_irregular_city, david_orc_2, serial_shops, shop_fountains
D:11:     gammafunk_jiyva_shrine, layout_loops_ring, minmay_fire_ice_demons
D:12:     layout_loops_ring, grunt_decor_mini_mirrors, uniq_fannar, uniq_psyche
D:13:     layout_loops_cross, gammafunk_ghost_spectres, evilmike_minifort
D:14:     dragon1_lemuel, layout_loops_ring, david_vaults_1,
          nicolae_ashenzari_panopticon, serial_glass, glass_columns_c,
          glass_columns_a, chequers_big_river, minmay_st_funbox,
          fedhas_bush_and_centaur_altar, uniq_roxanne
D:15:     grunt_enter_depths_snipers, layout_rooms, minivault_14,
          minmay_guarded_unrand_prune
Lair:1:   layout_layer_cave, serial_bayou_pond_d, grunt_megastairs_5
Lair:2:   layout_loops_ring, nicolae_quartered_pool_little, lemuel_fruit_tree
Lair:3:   layout_gridlike, serial_bayou_shore_a
Lair:4:   layout_roguey, minmay_swamp_entry_reptiles,
          nicolae_spider_entry_orb_guardian, hangedman_lair_generics_rect,
          uniq_nergalle
Lair:5:   layout_gridlike, st_stairs_11, minmay_lair_oklob_items,
          lemuel_fruit_fields, uniq_josephine, uniq_urug
Lair:6:   guppyfry_lair_end_dragon, layout_cave_pods, hangedman_lair_in_review,
          slime_dummy, worms_lemuel
Orc:1:    layout_caves, led_sif_book
Orc:2:    kennysheep_orc_mage_school, layout_caves, minmay_orc_temple_b,
          uniq_maurice, uniq_nessos, uniq_saint_roka

Skill      XL: |  1  2  3  4  5  6  7  8  9 10 11 12 13 |
---------------+----------------------------------------+-----
Stealth        | 1 2 3 4 5 7 10 14 15 16 | 16.2
Unarmed Combat | 4 5 6 8 9 11 12 13 | 13.1
Fighting       | 4 5 6 8 9 11 12 13 | 13.2
Dodging        | 5 6 8 10 11 15 | 15.6
Evocations     | 1 3 5 6 8 9 10 | 10.0

Action                   |  1- 3 |  4- 6 |  7- 9 | 10-12 | 13-15 || total
-------------------------+-------+-------+-------+-------+-------++-------
Melee: Unarmed           |   106 |    61 |   392 |   968 |   245 ||  1772
       Bite              |    11 |     7 |    64 |   127 |    33 ||   242
       Punch             |       |     1 |    14 |    67 |    21 ||   103
Invok: Berserk           |     8 |     5 |     9 |    28 |    13 ||    63
       Trog's Hand       |       |     3 |     8 |    35 |    13 ||    59
       Brothers in Arms  |       |       |       |     5 |       ||     5
Evoke: Wand              |       |     2 |    22 |    68 |    33 ||   125
       Phial of floods   |       |       |       |     2 |     2 ||     4
       Condenser vane    |       |       |       |     2 |     1 ||     3
  Use: Scroll            |     4 |     3 |     8 |    22 |     3 ||    40
       Potion            |     2 |     1 |       |    25 |     6 ||    34
 Stab: Sleeping          |     1 |     4 |    15 |    63 |     5 ||    88
       Distracted        |       |       |     3 |     2 |     2 ||     7
       Petrifying        |       |       |       |     2 |       ||     2
       Petrified         |       |       |       |     1 |       ||     1
       Paralysed         |       |       |       |     1 |       ||     1
       Betrayed ally     |       |       |       |       |     2 ||     2
Armor: Skin              |     8 |     3 |    11 |    21 |     5 ||    48
Dodge: Dodged            |    94 |    40 |   233 |   934 |   266 ||  1567
